 Dungeon Crawl Stone Soup version 0.28-a0-1447-ga5a8893891 (webtiles) character file.

Game seed: 4937200120622405090

41 HallandMoats the Skirmisher (level 3, 0/33 HPs)
             Began as a Ghoul Fighter on Jan 12, 2022.
             Slain by an orc (2 damage)
             ... on level 4 of the Dungeon.
             The game lasted 00:00:54 (894 turns).

HallandMoats the Skirmisher (Ghoul Fighter)          Turns: 894, Time: 00:00:55

Health: 0/33       AC: 10    Str: 19    XL:     3   Next: 52%
Magic:  2/2        EV:  9    Int:  5    God:
Gold:   85         SH:  0    Dex:  8    Spells: 2/2 levels left

rFire   . . .      SeeInvis .   a - +0 long sword
rCold   + . .      Faith    .   c - +0 buckler
rNeg    + + +      Spirit   .   b - +0 scale mail
rPois   ∞          Reflect  .   (no helmet)
rElec   .          Harm     .   (no cloak)
rCorr   .          Rampage  .   (no gloves)
Will    .....                   (no boots)
Stlth   ..........              (no amulet)
HPRegen 0.00/turn               i - +4 ring of protection
MPRegen 0.08/turn               (no ring)

@: confused, inhibited regen
A: claws 1, cold resistance 1, negative energy resistance 3, inhibited
regeneration, torment resistance 2
a: no special abilities


You were on level 4 of the Dungeon.
You visited 1 branch of the dungeon, and saw 3 of its levels.

You collected 85 gold pieces.

Inventory:

Hand Weapons
 a - a +0 long sword (weapon)
Armour
 b - a +0 scale mail (worn)
 c - a +0 buckler (worn)
Jewellery
 i - a +4 ring of protection (left claw)
Scrolls
 g - 2 scrolls of identify {unknown}
Potions
 d - a potion of might
 e - 2 potions of berserk rage {unknown}
 f - a potion of flight {unknown}
 h - a potion of degeneration {unknown}


   Skills:
 * Level 3.9 Fighting
 * Level 2.3 Long Blades
 + Level 2.8 Armour
 + Level 0.8 Dodging
 + Level 2.8 Shields


You had 2 spell levels left.
You didn't know any spells.
Your spell library was empty.

Dungeon Overview and Level Annotations

Branches:
Dungeon (2/15)

Altars:


Innate Abilities, Weirdness & Mutations

You thrive by killing the living.
You are immune to poison.
You have sharp fingernails.
Your flesh is cold resistant. (rC+)
You are immune to negative energy. (rN+++)
You do not regenerate when monsters are visible.
You are immune to unholy pain and torment.


Message History

The orc hits you from afar with a +0 trident.
You block the orc wizard's attack.
You hit the orc wizard.
The orc wizard is moderately wounded.
The orc hits you but does no damage. You block the orc's attack.
The orc wizard mumbles some strange words.
The orc wizard flickers and vanishes!
Deactivating autopickup; reactivate with Ctrl-A.
The orc closely misses you.
You miss something. The orc hits you but does no damage.
You hear some strange, mumbled words.
A puff of flame appears from out of thin air!
The puff of flame misses you.
The puff of flame hits the orc.
The orc closely misses you.
You slash something! The orc barely misses you. Something hits you.
The orc hits you with a +0 whip. The orc hits you but does no damage.
Something hits you.
You barely miss something. The orc hits you with a +0 whip.
The orc barely misses you. Something completely misses you.
You block the orc's attack.
You completely miss something. You block the orc's attack.
Something hits you but does no damage. The orc hits you with a +0 whip.
* * * LOW HITPOINT WARNING * * *
You completely miss something. You block the orc's attack.
You hear some strange, mumbled words.
You are confused.
The orc closely misses you. The orc hits you but does no damage.
Something hits you but does no damage. The orc hits you with a +0 whip.
* * * LOW HITPOINT WARNING * * *
The orc barely misses you. Something hits you but does no damage.
The orc hits you but does no damage.
You hear some strange, mumbled words.
Something tries to affect you, but you resist.
You see here a +0 whip.
The orc barely misses you. Something hits you.
* * * LOW HITPOINT WARNING * * *
The orc closely misses you.
The orc hits you from afar with a +0 trident.
You die...

........###.........#
...........#..........#
...................#..#
.........##........###.
.........###......##
..................#
..................#
...................#
...#@.).!......## ..
#.oo....##.##
#...........#
..............
..#......#..... ..
#.....#...... .
#.....##..... ##....#
..... #.....


You could see 2 orcs.

Vanquished Creatures
  A hound skeleton (D:4)
  3 dart slugs
  An orc (D:4)
  2 ball pythons (D:1)
  2 endoplasms (D:1)
  A giant cockroach (D:1)
  3 hobgoblins (D:1)
  2 quokkas
  A bat (D:1)
  2 frilled lizards (D:1)
  A goblin (D:1)
  3 kobolds
22 creatures vanquished.

Notes
Turn   | Place    | Note
-------+----------+-------------------------------------------
     0 | D:1      | HallandMoats the Ghoul Fighter began the quest for the Orb.
     0 | D:1      | Reached XP level 1. HP: 19/19 MP: 0/0
   120 | D:1      | Reached XP level 2. HP: 24/26 MP: 1/1
   817 | D:2      | Reached XP level 3. HP: 33/33 MP: 2/2
   821 | D:2      | You fall into a shaft and drop 2 floors!
   894 | D:4      | Slain by an orc

Illustrated notes

Levels and vault maps discovered:
D:1:      ncdulo_smallfort, layout_rooms
D:2:      layout_rooms, serial_bayou_pond_b
D:4:      layout_cave_pools, grunt_decor_resistance, uniq_eustachio

Skill      XL: |  1 |
---------------+----+-----
Long Blades    | 2 |  2.3
Fighting       | |  3.9
Armour         | |  2.8
Dodging        | |  0.8
Shields        | |  2.8

Action                   || total
-------------------------++-------
Melee: Long sword        ||    77
Armor: Scale mail        ||    45
Dodge: Dodged            ||    40
Block: Buckler           ||    17

Table legend: (Time is in decaauts)
 A = Elapsed time spent in this place.
 B = Non-inter-level travel time spent in this place.
 C = Inter-level travel time spent in this place.
 D = Time resting spent in this place.
 E = Time spent auto-exploring this place.
 F = Levels seen in this place.
 G = Mean time per level.
                   A        B        C        D        E       F      G
               +--------+--------+--------+--------+--------+-----+--------+
         Total |    918 |    916 |      2 |      0 |    730 |   3 |  306.0 |
       Dungeon |    918 |    916 |      2 |      0 |    730 |   3 |  306.0 |
               +--------+--------+--------+--------+--------+-----+--------+

Top non-repeatable levels by time:
     D:1: 779 daAuts
     D:4: 77 daAuts
     D:2: 61 daAuts
